 Dungeon Crawl Stone Soup version 0.25.0-9-g26727b657a (console) character file.

Game seed: 7889814602063855291

43 bli the Skirmisher (level 3, 0/31 HPs)
             Began as a Formicid Abyssal Knight on June 20, 2020.
             Was a Follower of Lugonu.
             Slain by a worm (11 damage)
             ... on level 2 of the Dungeon.
             The game lasted 00:04:55 (1384 turns).

bli the Skirmisher (Formicid Abyssal Knight)        Turns: 1384, Time: 00:04:56

Health: 0/31       AC:  7    Str: 16    XL:     3   Next: 82%
Magic:  4/4        EV: 11    Int: 11    God:    Lugonu [*.....]
Gold:   90         SH:  0    Dex: 11    Spells: 2/2 levels left

rFire    . . .     SeeInvis +   a - +1 falchion
rCold    . . .     Gourm    .   (no shield)
rNeg     . . .     Faith    .   b - +0 leather armour
rPois    .         Spirit   .   (helmet unavailable)
rElec    .         Reflect  .   f - +0 cloak
rCorr    .         Harm     .   (no gloves)
MR       .....                  l - +2 pair of boots
Stlth    +.........             (no amulet)
HPRegen  0.10/turn              (no ring)
MPRegen  0.09/turn              (no ring)

@: no status effects
A: permanent stasis, dig shafts and tunnels, four strong arms, antennae 3
a: Dig, Shaft Self, Depart the Abyss, Renounce Religion


You were on level 2 of the Dungeon.
You worshipped Lugonu.
Lugonu was aware of your devotion.
You were not hungry.

You visited 1 branch of the dungeon, and saw 2 of its levels.
You visited the Abyss 1 time.

You collected 90 gold pieces.

Inventory:

Hand Weapons
 a - a +1 falchion (weapon)
 r - a +0 hunting sling
Missiles
 e - 6 datura-tipped darts (quivered)
 h - 61 stones
Armour
 b - a +0 leather armour (worn)
 f - a +0 cloak (worn)
 j - a +0 plate armour
 l - a +2 pair of boots (worn)
Scrolls
 d - a scroll of enchant weapon {unknown}
 i - a scroll of random uselessness {unknown}
 k - a scroll of teleportation {unknown}
 s - a scroll of remove curse {unknown}
 t - a scroll of enchant armour {unknown}
 u - a scroll of magic mapping {unknown}
Potions
 g - a potion of magic {unknown}
 m - a potion of stabbing {unknown}
 o - a potion of flight {unknown}
 p - a potion of ambrosia {unknown}
 q - a potion of mutation {unknown}
Comestibles
 c - 2 rations
 n - 12 chunks of flesh


   Skills:
 * Level 4.3 Fighting
 + Level 2.4 Long Blades
 + Level 2.5 Armour
 + Level 1.1 Dodging
 + Level 0.3 Stealth
 - Level 2.1 Invocations


You had 2 spell levels left.
You didn't know any spells.
Your spell library was empty.

Dungeon Overview and Level Annotations

Branches:
Dungeon (2/15)

Altars:


Innate Abilities, Weirdness & Mutations

You cannot be hasted, slowed, berserked, paralysed or teleported.
You can dig through walls and to a lower floor.
Your four strong arms can wield two-handed weapons with a shield.
You have a pair of large antennae on your head. (SInv)


Message History

The worm is almost dead.
The worm bites you.
You hit the worm.
You kill the worm!
Lugonu accepts your kill.
A worm comes into view.
You see here a worm corpse.
You butcher the worm corpse.
You see here 3 chunks of flesh.
n - 12 chunks of flesh (gained 3) Throwing (i - inventory. (/) - cycle)
e - 8 datura-tipped darts (quivered)
Press: ? - help, Shift-Dir - straight line, f - worm
Aim: a worm (chance to frenzy on hit: 51%)
You throw a datura-tipped dart. The datura-tipped dart hits the worm.
The worm resists.
Throwing (i - inventory. (/) - cycle)
e - 7 datura-tipped darts (quivered)
Press: ? - help, Shift-Dir - straight line, f/p - worm
Aim: a worm (chance to frenzy on hit: 51%)
You throw a datura-tipped dart. The datura-tipped dart hits the worm.
The worm flies into a frenzy!
The worm bites you!
You die...

.........###
.........# .........#
.........# .........#
.........## #
..........### .# .
............# #.##.#
###########.###
#...... ########
#.÷.###......#
#......#####...@w((#
#......#.......###.#
#......÷.#..##........
#.......>..#######.###
#......##### #......#
#......# #......#
#......# ########


You could see a neutral worm (fast, strong, insane).

Vanquished Creatures
  An adder (D:2)
  A worm (D:2)
  2 bats (D:1)
  A giant cockroach (D:1)
  2 hobgoblins (D:1)
  8 jackals
  A ball python (D:2)
  4 frilled lizards
  4 goblins
  3 kobolds (D:1)
  3 rats
30 creatures vanquished.

Notes
Turn   | Place    | Note
-------+----------+-------------------------------------------
     0 | Abyss:1  | bli the Formicid Abyssal Knight began the quest for the
                  | Orb.
     0 | Abyss:1  | Reached XP level 1. HP: 18/18 MP: 2/2
    78 | Abyss:2  | Noticed a quasit
    82 | Abyss:3  | Found a hide-covered altar of Uskayaw.
   107 | Abyss:3  | Noticed a spatial maelstrom
   109 | D:1      | Escaped the Abyss
   170 | D:1      | Reached XP level 2. HP: 16/24 MP: 3/3
   351 | D:1      | Reached * piety under Lugonu
   442 | D:1      | Reached skill level 1 in Dodging
  1145 | D:2      | Reached XP level 3. HP: 29/30 MP: 4/4
  1185 | D:2      | Reached skill level 4 in Fighting
  1384 | D:2      | Slain by a worm

Illustrated notes

Levels and vault maps discovered:
D:1:      lightli_arrival_statuegarden, layout_basic
D:2:      layout_rooms, lightli_temple_of_fire

Skill      XL: |  1  2  3 |
---------------+----------+-----
Dodging        | 1 |  1.1
Fighting       | 4 |  4.3
Long Blades    | |  2.4
Armour         | |  2.5
Stealth        | |  0.3
Invocations    | |  2.1

Action                   || total
-------------------------++-------
Melee: Falchion          ||   105
Throw: Dart              ||     2
Invok: Depart the Abyss  ||     1
  Eat: Chunk             ||     2
Armor: Leather armour    ||    53
Dodge: Dodged            ||    75
       Rpst.: Falchion   ||    25
